 Dungeon Crawl Stone Soup version 0.30-a0-50-gb2d611f6b1 (webtiles) character file.

Game seed: 9057695251721763720

1169 Destapler the Basher (level 8, -3/74 HPs)
             Began as a Troll Berserker on Sept 3, 2022.
             Was a High Priest of Trog.
             Slain by Murumi's ghost (9 damage)
             ... on level 5 of the Dungeon.
             The game lasted 00:08:46 (3443 turns).

Destapler the Basher (Troll Berserker)              Turns: 3443, Time: 00:08:47

Health: -3/74      AC:  4    Str: 28    XL:     8   Next: 17%
Magic:  7/7        EV: 10    Int:  3    God:    Trog [*****.]
Gold:   203        SH:  0    Dex: 15    Spells: 7/7 levels left

rFire   . . .      SeeInvis .    v - +0 giant club
rCold   . . .      Faith    .    (shield currently unavailable)
rNeg    + . .      Spirit   .    b - +0 animal skin
rPois   .          Reflect  .    (helmet restricted)
rElec   .          Harm     .    (no cloak)
rCorr   .          Rampage  .    (gloves unavailable)
Will    .....                    (boots unavailable)
Stlth   +.........               (no amulet)
HPRegen 1.02/turn                e - +6 ring of dexterity
MPRegen 0.10/turn                o - ring of positive energy

@: on berserk cooldown, slowed, very slow
A: large, unfitting armour, claws 3, regeneration 1, shaggy fur 1, tough skin 1
a: Renounce Religion, Berserk, Trog's Hand, Brothers in Arms


You were on level 5 of the Dungeon.
You worshipped Trog.
Trog was extremely pleased with you.
You visited 1 branch of the dungeon, and saw 5 of its levels.
You also visited: Ossuary.

You collected 203 gold pieces.

Inventory:

Hand Weapons
 a - a +0 mace
 v - a +0 giant club (weapon)
Missiles
 h - 9 poisoned darts (quivered)
 i - 66 stones
Armour
 b - a +0 animal skin (worn)
Jewellery
 e - a +6 ring of dexterity (left claw)
 o - a ring of positive energy (right claw)
Wands
 x - a wand of roots (11)
Scrolls
 c - a scroll of silence
 g - 2 scrolls of enchant weapon {unknown}
 l - 3 scrolls of amnesia {unknown}
 r - a scroll of brand weapon {unknown}
 t - 4 scrolls of identify
 u - 2 scrolls of vulnerability
 w - a scroll of poison {unknown}
Potions
 d - a potion of invisibility {unknown}
 f - 4 potions of curing
 j - a potion of flight {unknown}
 k - 2 potions of heal wounds
 m - 2 potions of attraction {unknown}
 n - a potion of ambrosia {unknown}
 p - a potion of lignification {unknown}
 q - a potion of haste {unknown}
 s - 2 potions of mutation {unknown}


   Skills:
 - Level 2.4 Fighting
 + Level 9.4 Maces & Flails
 - Level 2.4 Dodging


You had 7 spell levels left.
You didn't know any spells.
Your spell library contained the following spells:

 Spells                   Type           Power      Damage    Failure   Level
 Blink                    Tloc           0%         N/A       67%         2
 Manifold Assault         Tloc           0%         N/A       100%        5
 Storm Form               Tmut/Air       0%         N/A       100%        7


Dungeon Overview and Level Annotations

Branches:
Dungeon (5/15)            Ossuary (visited)
 Temple: D:4-7

Altars:
Elyvilon
Hepliaklqana
Makhleb
Okawaru
Uskayaw
Yredelemnul

Annotations:
D:5 1 transporter, Murumi's ghost, novice FoFi


Innate Abilities, Weirdness & Mutations

You are too large for most types of armour.
You have claws for hands.
Your natural rate of healing is unusually fast.
You are covered in fur. (AC +1)
You have tough skin. (AC +1)


Message History

Murumi's ghost is lightly damaged.
Murumi's ghost hits you.
You hit Murumi's ghost but do no damage.
Murumi's ghost is lightly damaged.
Murumi's ghost hits you. Murumi's ghost hits you!
You barely miss Murumi's ghost.
Murumi's ghost is lightly damaged.
Murumi's ghost hits you but does no damage.
Murumi's ghost hits you.
You barely miss Murumi's ghost.
Murumi's ghost is lightly damaged.
Murumi's ghost hits you!
You hit Murumi's ghost.
Murumi's ghost is lightly damaged.
Murumi's ghost misses you.
Murumi's ghost whispers, "Meet the emptiness of death!"
Murumi's ghost completely misses you.
You barely miss Murumi's ghost.
Murumi's ghost is lightly damaged.
Murumi's ghost hits you. x2
* * * LOW HITPOINT WARNING * * *
You barely miss Murumi's ghost.
Murumi's ghost is lightly damaged.
Murumi's ghost hits you.
* * * LOW HITPOINT WARNING * * *
Murumi's ghost hits you!
* * * LOW HITPOINT WARNING * * *
It was a potion of heal wounds.
You feel much better. Murumi's ghost hits you!
Murumi's ghost attacks as you move away!
Murumi's ghost hits you. Murumi's ghost hits you!
* * * LOW HITPOINT WARNING * * *
Okay, then.
Murumi's ghost hits you!
* * * LOW HITPOINT WARNING * * *
Murumi's ghost says, "You can hit me, but you can't hurt me."
Murumi's ghost hits you!
* * * LOW HITPOINT WARNING * * *
Murumi's ghost grins evilly.
Murumi's ghost hits you!
You die...

..... ....# ..
....##### ## ...
....... ... ... ..©..
... #############
#....($$....# .#
#.....@.....# #.#.
#..##.W.##..# ... ##..
#. #8...8# .# ..
......#..##...##..#
####..#...#.....©.....#
.#........#..##...##..#
##..#.....#..#8...8#..#
.#.##.....#..##...##..#
##.#......#...........#


You could see Murumi's ghost.

Vanquished Creatures
  The ghost of Nedwor the Trooper, an amateur DsFi (D:4)
  Menkaure (Ossuary)
  Duvessa (D:5)
  An ogre (D:4)
  A phantom (D:4)
  Blork the orc (D:5)
  A necrophage (D:5)
  Dowan (D:5)
  A centaur zombie (D:5)
  A bullfrog zombie (D:5)
  A centaur skeleton (D:5)
  2 hounds
  Natasha (D:3)
  Terence (D:2)
  3 mummies (Ossuary)
  12 adders
  2 worms
  3 dart slugs
  2 orcs
  13 ball pythons
  10 endoplasms
  3 giant cockroaches
  5 gnoll zombies (Ossuary)
  8 goblins
  7 hobgoblins
  5 kobolds
  4 quokkas
  9 bats
  4 gnoll skeletons (Ossuary)
  5 goblin skeletons (Ossuary)
  7 goblin zombies (Ossuary)
  2 hobgoblin skeletons (Ossuary)
  5 hobgoblin zombies (Ossuary)
  6 kobold skeletons (Ossuary)
  2 kobold zombies (Ossuary)
  4 orc skeletons (Ossuary)
  4 orc zombies (Ossuary)
  10 rats
  4 rat skeletons (Ossuary)
  2 rat zombies (Ossuary)
156 creatures vanquished.

Vanquished Creatures (others)
  A kobold (D:3)
1 creature vanquished.

Grand Total: 157 creatures vanquished

Notes
Turn   | Place    | Note
-------+----------+-------------------------------------------
     0 | D:1      | Destapler the Troll Berserker began the quest for the Orb.
     0 | D:1      | Reached XP level 1. HP: 22/22 MP: 0/0
    35 | D:1      | Reached skill level 3 in Maces & Flails
    56 | D:1      | Reached XP level 2. HP: 29/29 MP: 1/1
   216 | D:1      | Reached ** piety under Trog
   327 | D:1      | Reached XP level 3. HP: 35/36 MP: 2/2
   564 | D:1      | Reached skill level 4 in Maces & Flails
   977 | D:2      | Reached XP level 4. HP: 40/44 MP: 3/3
  1281 | D:3      | Noticed Terence
  1301 | D:2      | Killed Terence
  1377 | D:3      | Reached skill level 5 in Maces & Flails
  1390 | D:3      | Noticed Natasha
  1402 | D:3      | Killed Natasha
  1403 | D:3      | Reached XP level 5. HP: 38/50 MP: 4/4
  1406 | D:3      | Reached *** piety under Trog
  1892 | D:4      | Noticed a phantom
  1911 | D:4      | Killed a phantom
  1912 | D:4      | Reached skill level 6 in Maces & Flails
  1997 | D:4      | Reached XP level 6. HP: 56/59 MP: 5/5
  2101 | D:4      | Found a sand-covered staircase.
  2106 | Ossuary  | Entered an ossuary
  2179 | Ossuary  | Reached **** piety under Trog
  2609 | Ossuary  | Noticed Menkaure
  2615 | Ossuary  | Killed Menkaure
  2616 | Ossuary  | Reached skill level 7 in Maces & Flails
  2721 | D:4      | Found a runed translucent door.
  2727 | D:4      | Noticed Nedwor's ghost (amateur DsFi)
  2814 | D:4      | Reached XP level 7. HP: 48/66 MP: 6/6
  2843 | D:4      | Found a white marble altar of Elyvilon.
  2852 | D:4      | Found an iron altar of Okawaru.
  2964 | D:4      | Found a basalt altar of Yredelemnul.
  2973 | D:4      | Reached ***** piety under Trog
  2977 | D:4      | Found a hide-covered altar of Uskayaw.
  2980 | D:4      | Found a burning altar of Makhleb.
  3127 | D:4      | Killed Nedwor's ghost
  3128 | D:4      | Reached skill level 8 in Maces & Flails
  3176 | D:5      | Entered Level 5 of the Dungeon
  3185 | D:5      | Noticed Duvessa
  3185 | D:5      | Noticed Dowan
  3221 | D:5      | Killed Duvessa
  3222 | D:5      | Killed Dowan
  3322 | D:5      | Reached skill level 9 in Maces & Flails
  3322 | D:5      | Reached XP level 8. HP: 68/74 MP: 7/7
  3349 | D:5      | Noticed Blork the orc
  3357 | D:5      | Killed Blork the orc
  3366 | D:5      | Found a hazy altar of Hepliaklqana.
  3406 | D:5      | Found a transporter.
  3406 | D:5      | Noticed Murumi's ghost (novice FoFi)
  3426 | D:5      | Found a transporter.
  3441 | D:5      | HP: 3/74 [Murumi's ghost (13)]
  3443 | D:5      | Slain by Murumi's ghost

Illustrated notes

Levels and vault maps discovered:
D:1:      saegor_arrival_simple_a, layout_loops_ring, minmay_strange_pillars
D:2:      layout_loops_ring, serial_glass, glass_columns_a, glass_columns_a,
          glass_columns_b, glass_columns_a, glass_columns_a, glass_columns_b
D:3:      layout_loops_ring, due_unseen_surprise, uniq_natasha, uniq_terence
D:4:      wad_pebble_path, layout_rooms, nicolae_overflow_hallway_of_the_gods,
          enter_ossuary_2, ebering_ghost_sewer_d
D:5:      layout_cave_pools, mainiacjoe_overflow_surrounded_room,
          gammafunk_ghost_mausoleum, abandoned_shop, nicolae_specific_store,
          uniq_blork_the_orc, uniq_menkaure, uniq_ijyb, uniq_duvessa

Skill      XL: |  1  2  3  4  5  6  7 |
---------------+----------------------+-----
Maces & Flails | 3 4 5 6 7 9 |  9.4
Fighting       | |  2.4
Dodging        | |  2.4

Action                   |  1- 3 |  4- 6 |  7- 9 || total
-------------------------+-------+-------+-------++-------
Melee: Mace              |   131 |   266 |     7 ||   404
       Punch             |     3 |     4 |       ||     7
       Giant club        |       |       |    61 ||    61
Invok: Berserk           |       |     5 |     3 ||     8
  Use: Scroll            |       |     5 |       ||     5
       Potion            |       |       |     1 ||     1
 Stab: Sleeping          |       |       |     1 ||     1
Armor: Animal skin       |    64 |    69 |    35 ||   168
Dodge: Dodged            |    99 |   124 |    45 ||   268

Table legend: (Time is in decaauts)
 A = Elapsed time spent in this place.
 B = Non-inter-level travel time spent in this place.
 C = Inter-level travel time spent in this place.
 D = Time resting spent in this place.
 E = Time spent auto-exploring this place.
 F = Levels seen in this place.
 G = Mean time per level.
                   A        B        C        D        E       F      G
               +--------+--------+--------+--------+--------+-----+--------+
         Total |   3591 |   3400 |    191 |    272 |   1905 |   6 |  598.5 |
       Dungeon |   2976 |   2785 |    191 |     76 |   1798 |   5 |  595.2 |
       Ossuary |    615 |    615 |      0 |    196 |    107 |   1 |  615.0 |
               +--------+--------+--------+--------+--------+-----+--------+

Top non-repeatable levels by time:
     D:1: 745 daAuts
     D:4: 743 daAuts
 Ossuary: 615 daAuts
     D:3: 612 daAuts
     D:2: 602 daAuts
     D:5: 271 daAuts
